Map: Eternal Empire LE

Players

ShoWTimE - Winner!

  • Race: Protoss Protoss
  • Spawn Location: 7:00

MaNa

  • Race: Protoss Protoss
  • Spawn Location: 1:00

Event: IEM Katowice 2020

VOD

Have the link to the VOD?

Description

Time

  • Played on: Feb. 24, 2020, 5:48 a.m.
  • Length: 4:29

All games in this series

Show
View Real Time Build Order
Export as new Build Order

ShoWTimE Protoss - Winner!

Build Orders:  

Get SALT Encoding   

  12  0:00  Probe  
  13  0:12  Probe  
  14  0:17  Pylon  
  14  0:24  Probe (Chrono Boost)  
  15  0:36  Gateway  
  15  0:37  Probe (Chrono Boost)  
  16  0:45  Probe (Chrono Boost)  
  16  0:46  Assimilator  
  17  0:51  Probe  
  17  0:54  Assimilator  
  18  1:03  Probe (Chrono Boost)  
  19  1:08  Gateway  
  19  1:13  Probe (Chrono Boost)  
  19  1:18  Probe (Chrono Boost)  
  20  1:25  Cybernetics Core  
  21  1:29  Probe  
  22  1:35  Pylon  
  22  1:41  Probe  
  23  1:53  Probe  
  24  2:00  Warp Gate (Chrono Boost)  
  24  2:01  Stalker x2  
  28  2:17  Pylon  
  28  2:19  Probe  
  29  2:32  Stalker  
  29  2:35  Stalker  
  33  2:40  Gateway  
  33  2:46  Shield Battery  
  33  3:02  Stalker  
  33  3:05  Stalker  
  36  3:13  Probe  
  36  3:17  Pylon  
  37  3:36  Shield Battery  
  37  3:44  Probe  
  37  3:47  Adept x3  
  44  3:54  Pylon  
  44  3:56  Probe  
  45  4:08  Probe  
  44  4:21  Adept x3  
Show
View Real Time Build Order
Export as new Build Order

MaNa Protoss 

Build Orders:  

Get SALT Encoding   

  12  0:00  Probe  
  13  0:12  Probe  
  14  0:17  Pylon  
  14  0:24  Probe (Chrono Boost)  
  15  0:37  Probe (Chrono Boost)  
  15  0:39  Gateway  
  16  0:44  Probe (Chrono Boost)  
  16  0:46  Assimilator  
  17  0:51  Probe  
  17  0:54  Assimilator  
  18  1:03  Probe (Chrono Boost)  
  19  1:08  Gateway  
  19  1:12  Probe (Chrono Boost)  
  19  1:17  Probe (Chrono Boost)  
  21  1:26  Cybernetics Core  
  21  1:29  Probe  
  22  1:37  Pylon  
  22  1:41  Probe  
  23  2:02  Robotics Facility  
  23  2:03  Stalker  
  23  2:05  Stalker  
  27  2:12  Warp Gate  
  27  2:16  Pylon  
  27  2:33  Stalker  
  27  2:35  Stalker  
  35  3:08  Probe  
  31  3:15  Pylon  
  31  3:17  Nexus  
  31  3:20  Pylon  
  31  3:25  Pylon  
  31  3:26  Probe  
  29  3:35  Robotics Facility  
  29  3:41  Probe  
  30  3:48  Pylon  
  31  3:58  Shield Battery  
  31  4:00  Stalker  
  32  4:04  Stalker  

Tags
 
Add a new tag
Caveats
  • Supply blocks, unpowered buildings, or Contaminate may cause inaccurate times.
  • Supply counts are checked every 10 seconds.